[Event "Commonwealth Open 2019"]
[Site "Delhi"]
[Date "2019.07.04"]
[Round "6.3"]
[White "Aravindh, Chithambaram Vr."]
[Black "Swapnil, S. Dhopade"]
[Result "1/2-1/2"]
[ECO "D40"]
[WhiteElo "2598"]
[BlackElo "2488"]
[Annotator "ChessBase"]
[PlyCount "134"]
[EventDate "2019.06.30"]
[EventType "swiss"]
[EventCountry "IND"]
[SourceTitle "playchess.com"]
[Source "ChessBase"]
[SourceQuality "1"]
[TimeControl "5400+30"]

1. d4 Nf6 2. c4 e6 3. Nf3 d5 4. Nc3 c5 5. Bg5 cxd4 6. Nxd4 Be7 7. cxd5 exd5 8. e3 O-O 9. Be2 Nc6 10. O-O Be6 11. Qd2 Rc8 12. Rfd1 Ne5 13. Rac1 Nc4 14. Qc2 Qb6 15. b3 Nd6 16. Qb2 Rfd8 17. h3 a6 18. Rc2 h6 19. Bh4 Nf5 20. Nxf5 Bxf5 21. Bd3 Bxd3 22. Rxd3 d4 23. Nd1 Rxc2 24. Qxc2 dxe3 25. Nxe3 Rxd3 26. Qxd3 g6 27. Qc3 Qe6 28. Qc7 b5 29. Qb7 g5 30. Bg3 Ne4 31. Bb8 Bc5 32. Ba7 Bxa7 33. Qxa7 Nc3 34. Qc5 Ne2+ 35. Kh2 Nf4 36. Ng4 Kg7 37. g3 Nd5 38. Qd4+ f6 39. Kg2 Qc6 40. Kg1 Qe6 41. Nh2 Ne7 42. Qc5 Nf5 43. Nf3 Qe4 44. Nd2 Qe1+ 45. Nf1 Qe4 46. Qc7+ Kg6 47. Qc8 Kg7 48. Qd7+ Kg6 49. Qd8 Kg7 50. g4 Nh4 51. Ne3 Qf3 52. Qd7+ Kg6 53. Qe8+ Kg7 54. Qd7+ Kg6 55. Qd5 Qxd5 56. Nxd5 Nf3+ 57. Kg2 Nd4 58. b4 Nc6 59. Kf3 f5 60. Ke3 h5 61. f3 fxg4 62. fxg4 hxg4 63. hxg4 Ne5 64. Nc7 Nxg4+ 65. Kf3 Kf5 66. Nxa6 Ne5+ 67. Kg3 Nc6 1/2-1/2

[Event "Commonwealth Open 2019"]
[Site "Delhi"]
[Date "2019.07.04"]
[Round "6.5"]
[White "Erigaisi, Arjun"]
[Black "Ajay Karthikeyan"]
[Result "1-0"]
[ECO "B06"]
[WhiteElo "2526"]
[BlackElo "2216"]
[Annotator "ChessBase"]
[PlyCount "57"]
[EventDate "2019.06.30"]
[EventType "swiss"]
[EventCountry "IND"]
[SourceTitle "playchess.com"]
[Source "ChessBase"]
[SourceQuality "1"]
[TimeControl "5400+30"]

1. d4 d6 2. e4 g6 3. Nc3 Bg7 4. Be3 c6 5. Qd2 b5 6. f3 Nd7 7. Rd1 Nb6 8. b3 Nf6 9. Bd3 O-O 10. Bh6 e5 11. dxe5 dxe5 12. h4 b4 13. Nce2 c5 14. h5 Qe7 15. g4 Bxh6 16. Qxh6 Be6 17. Ng3 c4 18. bxc4 Bxc4 19. Rd2 Bxd3 20. cxd3 Rac8 21. Rdh2 Rc7 22. N1e2 Na4 23. g5 Ne8 24. Qxh7+ Kxh7 25. hxg6+ Kg8 26. Rh8+ Kg7 27. Nf5+ Kxg6 28. R8h6+ Kxg5 29. R1h5# 1-0

[Event "Commonwealth Open 2019"]
[Site "Delhi"]
[Date "2019.07.04"]
[Round "6.7"]
[White "Sangma, Rahul"]
[Black "Iniyan, P."]
[Result "1/2-1/2"]
[ECO "B54"]
[WhiteElo "2298"]
[BlackElo "2525"]
[Annotator "ChessBase"]
[PlyCount "116"]
[EventDate "2019.06.30"]
[EventType "swiss"]
[EventCountry "IND"]
[SourceTitle "playchess.com"]
[Source "ChessBase"]
[SourceQuality "1"]
[TimeControl "5400+30"]

1. e4 c5 2. Nf3 d6 3. d4 cxd4 4. Nxd4 Nf6 5. f3 a6 6. c4 e6 7. Nc3 Be7 8. Be3 b6 9. Be2 O-O 10. O-O Bb7 11. Qd2 Qc7 12. Rfc1 Nbd7 13. b4 Rac8 14. Nb3 Qb8 15. Bf1 Rfe8 16. Qf2 d5 17. cxd5 Bd6 18. g3 exd5 19. Nxd5 Nxd5 20. exd5 Rxc1 21. Rxc1 Bxb4 22. Bxb6 Bxd5 23. Bd4 Ne5 24. Bxe5 Qxe5 25. Bxa6 Be1 26. Qe2 Qb8 27. Qxe8+ Qxe8 28. Rc8 Qxc8 29. Bxc8 Bxf3 30. Bf5 Bd5 31. Bc2 g6 32. a4 f5 33. Nd4 Kg7 34. Bb3 Bb7 35. Bc4 h5 36. Kf1 Bb4 37. Nb3 Bd6 38. a5 h4 39. a6 Ba8 40. Kf2 hxg3+ 41. hxg3 Bc7 42. Be2 Bb6+ 43. Kf1 Kf6 44. Nd2 Bd5 45. Bf3 Be6 46. Bb7 Bd7 47. Kg2 Bb5 48. Kf3 Ke5 49. Kg2 g5 50. g4 fxg4 51. Ne4 Kf4 52. Nc3 Bc4 53. Nd5+ Bxd5+ 54. Bxd5 g3 55. Ba8 Ba7 56. Bc6 Bb6 57. Ba8 Ba7 58. Bd5 Bb6 1/2-1/2

[Event "Commonwealth Open 2019"]
[Site "Delhi"]
[Date "2019.07.04"]
[Round "6.8"]
[White "Wagh, Suyog"]
[Black "Kunte, Abhijit"]
[Result "1-0"]
[ECO "A40"]
[WhiteElo "2250"]
[BlackElo "2478"]
[Annotator "ChessBase"]
[PlyCount "69"]
[EventDate "2019.06.30"]
[EventType "swiss"]
[EventCountry "IND"]
[SourceTitle "playchess.com"]
[Source "ChessBase"]
[SourceQuality "1"]
[TimeControl "5400+30"]

1. d4 Nf6 2. c4 e6 3. g3 Bb4+ 4. Bd2 a5 5. Bg2 d5 6. Qc2 O-O 7. Nf3 c5 8. cxd5 cxd4 9. Nxd4 Qb6 10. e3 exd5 11. O-O Nc6 12. Nxc6 bxc6 13. Rc1 Bb7 14. Nc3 c5 15. a3 Bxc3 16. Bxc3 d4 17. Bxb7 dxc3 18. Bxa8 cxb2 19. Bg2 Rc8 20. Rab1 bxc1=Q+ 21. Qxc1 Qd6 22. Qc3 c4 23. Qxa5 c3 24. Rc1 c2 25. Bb7 Rb8 26. Qc7 Rf8 27. Qxc2 h5 28. h4 Ng4 29. Bf3 Nf6 30. a4 g6 31. a5 Nd7 32. Bg2 Ne5 33. Ra1 Rc8 34. Qb2 Nd3 35. Qd4 1-0

[Event "Commonwealth Open 2019"]
[Site "Delhi"]
[Date "2019.07.04"]
[Round "6.9"]
[White "Thejkumar, M. S."]
[Black "Vaishali, R."]
[Result "0-1"]
[ECO "A48"]
[WhiteElo "2458"]
[BlackElo "2338"]
[Annotator "ChessBase"]
[PlyCount "96"]
[EventDate "2019.06.30"]
[EventType "swiss"]
[EventCountry "IND"]
[SourceTitle "playchess.com"]
[Source "ChessBase"]
[SourceQuality "1"]
[TimeControl "5400+30"]

1. d4 Nf6 2. Nf3 g6 3. Bg5 Bg7 4. Nbd2 O-O 5. c3 d5 6. e3 b6 7. Bd3 Ba6 8. Bxa6 Nxa6 9. Ne5 c5 10. O-O Nc7 11. a4 Nce8 12. Qf3 Rc8 13. Rfd1 cxd4 14. exd4 Nd6 15. Bxf6 exf6 16. Nd3 Nc4 17. Nxc4 dxc4 18. Nb4 Re8 19. Nc6 Qd7 20. d5 f5 21. Re1 Bf8 22. g3 Bc5 23. Kg2 a5 24. Rad1 Qd6 25. Na7 Rcd8 26. Rxe8+ Rxe8 27. Nb5 Qd7 28. d6 Re4 29. Rd2 h5 30. Qd1 h4 31. f3 Re3 32. gxh4 f4 33. Qf1 Re6 34. Qd1 Be3 35. Re2 Re5 36. Qf1 Rh5 37. Kh1 Rxh4 38. Rg2 Qc6 39. Qd1 Qd7 40. Qd5 Kg7 41. Qxc4 Qf5 42. Qe4 Qxe4 43. fxe4 f3 44. Rg3 f2 45. Rf3 Rg4 46. h4 Rg3 47. Rxf2 Bxf2 48. d7 Rg2 0-1

[Event "Commonwealth Open 2019"]
[Site "Delhi"]
[Date "2019.07.04"]
[Round "6.10"]
[White "Bhambure, Shantanu"]
[Black "Karthikeyan, P.."]
[Result "1/2-1/2"]
[ECO "E81"]
[WhiteElo "2248"]
[BlackElo "2445"]
[Annotator "NA"]
[PlyCount "157"]
[EventDate "2019.06.30"]
[EventType "swiss"]
[EventCountry "IND"]
[SourceTitle "playchess.com"]
[Source "ChessBase"]
[SourceQuality "1"]
[TimeControl "5400+30"]

1. d4 Nf6 2. c4 g6 3. Nc3 Bg7 4. e4 d6 5. f3 O-O 6. Nge2 c5 7. d5 e6 8. Ng3 exd5 9. cxd5 a6 10. a4 Nbd7 11. Be2 Ne8 12. O-O Rb8 13. f4 Nc7 14. e5 f5 15. exf6 Nxf6 16. a5 b5 17. axb6 $11 Rxb6 18. f5 Bxf5 19. Nxf5 gxf5 20. Rxf5 Qd7 21. Bd3 Rb4 22. Qf3 Ng4 23. Rxf8+ Bxf8 24. h3 Ne5 25. Qg3+ Qg7 26. Qxg7+ Bxg7 27. Be2 Nc4 28. Bxc4 Rxc4 29. Bd2 Rd4 30. Be1 Kf7 31. Kf1 Be5 32. g3 h5 33. Ke2 Rb4 34. Ra2 Rb3 35. Kd1 Rb6 36. Kc2 Bxc3 37. bxc3 Nxd5 38. Bd2 Ke6 39. Ra4 Nf6 40. Rh4 Rb8 41. Bg5 Rg8 42. Bxf6 Kxf6 43. Rxh5 Rxg3 44. Rh8 c4 45. Ra8 Rg2+ 46. Kb1 Ke5 47. Rxa6 d5 48. Ra8 Ke4 49. Rd8 Rh2 50. h4 Rxh4 51. Kc2 Rh2+ 52. Kb1 Kd3 53. Rxd5+ Kxc3 54. Rc5 Rh1+ 55. Ka2 Rc1 56. Rh5 Rd1 57. Rc5 Rd4 58. Kb1 Re4 59. Rc8 Re1+ 60. Ka2 Rc1 61. Rh8 Re1 62. Rc8 Kd3 63. Kb2 Re2+ 64. Kc1 Kc3 65. Kb1 Rb2+ 66. Kc1 Ra2 67. Kb1 Ra4 68. Rh8 Kb3 69. Rb8+ Kc3 70. Rh8 Rb4+ 71. Kc1 Kb3 72. Rh3+ c3 73. Rh8 Rb7 74. Rc8 Rd7 75. Rb8+ Kc4 76. Kc2 Rd2+ 77. Kc1 Rd4 78. Kc2 Rd2+ 79. Kc1 1/2-1/2

[Event "Commonwealth Open 2019"]
[Site "Delhi"]
[Date "2019.07.04"]
[Round "6.11"]
[White "Saravana, Krishnan P."]
[Black "Shyaamnikhil, P."]
[Result "1-0"]
[ECO "B50"]
[WhiteElo "2290"]
[BlackElo "2434"]
[Annotator "NA"]
[PlyCount "83"]
[EventDate "2019.06.30"]
[EventType "swiss"]
[EventCountry "IND"]
[SourceTitle "playchess.com"]
[Source "ChessBase"]
[SourceQuality "1"]
[TimeControl "5400+30"]

1. e4 c5 2. Nf3 d6 3. c3 Nf6 4. h3 Nbd7 5. Bd3 b6 6. O-O {[%emt 0:00:56] B50: Sicilian: 2...d6, Miscellaneous} Bb7 7. Re1 Qc7 8. Bc2 Rc8 9. d3 e6 10. a4 Be7 11. Na3 O-O 12. Bf4 Qb8 $146 ({Predecessor:} 12... a6 13. Rc1 Rfe8 {½-½ (47) Nijboer,F (2641)-Savchenko,S (2532) Germany 2007}) 13. Nc4 Ne8 14. Nfd2 Qa8 15. a5 b5 16. a6 Bc6 17. Na5 Nb8 18. c4 Bd7 19. e5 Nxa6 $11 20. cxb5 Bxb5 21. Nac4 d5 22. Ra5 Rb8 23. Na3 Nec7 24. Qg4 Kh8 25. d4 Nb4 26. Re3 Nxc2 27. Nxc2 Rg8 28. Nf3 cxd4 29. Ncxd4 Bd7 30. Ng5 Bxg5 31. Bxg5 Rxb2 32. Rg3 Rb4 33. Be7 Rc4 34. Qf4 Qb8 35. Rc5 Ne8 36. Rxc4 dxc4 37. Nf3 f6 38. Qxc4 fxe5 39. Qe4 Nf6 40. Ng5 Be8 41. Bxf6 Bg6 42. Bxe5 1-0

[Event "Commonwealth Open 2019"]
[Site "Delhi"]
[Date "2019.07.04"]
[Round "6.12"]
[White "Priyanka, K."]
[Black "Swayams, Mishra"]
[Result "0-1"]
[ECO "C12"]
[WhiteElo "2053"]
[BlackElo "2493"]
[Annotator "RC"]
[PlyCount "110"]
[EventDate "2019.06.30"]
[EventType "swiss"]
[EventCountry "IND"]
[SourceTitle "playchess.com"]
[Source "ChessBase"]
[SourceQuality "1"]
[TimeControl "5400+30"]

1. e4 e6 2. d4 d5 3. Nc3 Nf6 4. Bg5 Bb4 5. e5 h6 6. Bc1 Ne4 7. Qg4 g6 8. a3 Bxc3+ 9. bxc3 c5 10. Bd3 cxd4 11. Ne2 h5 12. Qf3 dxc3 13. Bxe4 dxe4 14. Qxe4 Bd7 15. O-O Bc6 16. Qc4 Nd7 17. Qxc3 Rc8 18. Qd3 Nb6 19. Qxd8+ Rxd8 20. Bg5 Rd5 21. Rfd1 O-O 22. Rxd5 Bxd5 23. Be3 Nc4 24. Bd4 Rc8 25. c3 b6 26. f3 Na5 27. Rd1 Rc4 28. Be3 Ra4 29. Bc1 Nc4 30. Rd4 Ra5 31. Nf4 Nxe5 32. Nxd5 Rxd5 33. Kf1 Rxd4 34. cxd4 Nc6 35. Bb2 Kf8 36. Ke2 Ke7 37. Kd3 Kd6 38. Kc4 a6 39. Bc3 b5+ 40. Kd3 Kd5 41. Bb2 Na5 42. Bc3 Nc6 43. Bb2 b4 44. axb4 Nxb4+ 45. Kc3 Nc6 46. Kd3 a5 47. Ba1 a4 48. Bb2 f5 49. h4 Na5 50. Bc3 Nc4 51. Ba1 f4 52. Bc3 a3 53. Ba1 Ne3 54. g3 Nc2 55. Bc3 fxg3 0-1

[Event "Commonwealth Open 2019"]
[Site "Delhi"]
[Date "2019.07.04"]
[Round "6.13"]
[White "Krishna, C R G"]
[Black "Kiran, Manisha Mohanty"]
[Result "1-0"]
[ECO "D70"]
[WhiteElo "2481"]
[BlackElo "2054"]
[Annotator "ChessBase"]
[PlyCount "59"]
[EventDate "2019.06.30"]
[EventType "swiss"]
[EventCountry "IND"]
[SourceTitle "playchess.com"]
[Source "ChessBase"]
[SourceQuality "1"]
[TimeControl "5400+30"]

1. d4 Nf6 2. c4 g6 3. Nf3 Bg7 4. e3 O-O 5. Be2 d5 6. cxd5 Nxd5 7. e4 Nb6 8. O-O a5 9. h3 a4 10. Nc3 f5 11. exf5 Bxf5 12. Be3 Kh8 13. Qd2 a3 14. b3 c6 15. Rfe1 Na6 16. Bxa6 Rxa6 17. Bg5 Nc8 18. Qe3 c5 19. d5 Qa5 20. Rac1 e6 21. Bh6 Ne7 22. Bxg7+ Kxg7 23. g4 Bxg4 24. hxg4 Qb4 25. Qg5 Rxf3 26. Qxe7+ Rf7 27. Qg5 Rf4 28. Qe5+ Kh6 29. g5+ Kh5 30. Re4 1-0

[Event "Commonwealth Open 2019"]
[Site "Delhi"]
[Date "2019.07.04"]
[Round "6.14"]
[White "Divya, Deshmukh"]
[Black "Kumar, Gaurav"]
[Result "1-0"]
[ECO "C58"]
[WhiteElo "2414"]
[BlackElo "2110"]
[Annotator "NA"]
[PlyCount "87"]
[EventDate "2019.06.30"]
[EventType "swiss"]
[EventCountry "IND"]
[SourceTitle "playchess.com"]
[Source "ChessBase"]
[SourceQuality "1"]
[TimeControl "5400+30"]

1. e4 e5 2. Nf3 Nc6 3. Bc4 Nf6 4. Ng5 d5 5. exd5 Na5 6. Bb5+ c6 7. dxc6 bxc6 8. Qf3 Be7 9. O-O Bg4 10. Bxc6+ Kf8 11. Bxa8 Bxf3 12. Bxf3 Nd5 13. Bxd5 Qxd5 14. d3 Nc6 15. Nf3 Nb4 16. Na3 f6 17. Be3 a6 18. d4 exd4 $14 19. Nxd4 Kf7 20. b3 Nc6 21. c4 Qe4 22. Nac2 Nxd4 23. Nxd4 Bc5 24. Nc2 Bxe3 25. Nxe3 f5 26. c5 Rd8 27. Nc4 Kf8 28. Nd6 Qc6 29. Rac1 f4 30. Rc4 f3 31. Rf4+ Kg8 32. Rxf3 Rf8 33. Rc3 Qd5 34. Rc4 h6 35. b4 Kh7 36. h3 Rf6 37. Rfc1 Rg6 38. g3 Qc6 39. a4 Qxa4 40. b5 Qb3 41. R4c3 Qd5 42. b6 Qd4 43. b7 Qb4 44. c6 1-0

[Event "Commonwealth Open 2019"]
[Site "Delhi"]
[Date "2019.07.04"]
[Round "6.15"]
[White "Sa, Kannan"]
[Black "Thipsay, Praveen M"]
[Result "1/2-1/2"]
[ECO "B08"]
[WhiteElo "1947"]
[BlackElo "2405"]
[Annotator "NA"]
[PlyCount "112"]
[EventDate "2019.06.30"]
[EventType "swiss"]
[EventCountry "IND"]
[SourceTitle "playchess.com"]
[Source "ChessBase"]
[SourceQuality "1"]
[TimeControl "5400+30"]

1. d4 Nf6 2. Nf3 g6 3. Nc3 Bg7 4. e4 d6 5. Bf4 O-O 6. Qd2 c6 7. Bh6 e5 8. Bxg7 Kxg7 9. dxe5 dxe5 10. Qxd8 Rxd8 11. Nxe5 $11 Re8 12. f4 Nbd7 13. Nxd7 Nxe4 14. Nxe4 Rxe4+ 15. Kf2 Bxd7 16. g3 Bg4 17. Bd3 Rd4 18. Rhe1 c5 19. b3 a6 20. Re5 Rc8 21. Rae1 b5 22. R1e4 Rd6 23. a4 Bf5 24. Re3 Bd7 25. axb5 axb5 26. Bf1 Rd2+ 27. Re2 Rd4 28. R2e3 Bg4 29. h3 Bd7 30. h4 Bg4 31. Be2 Bxe2 32. Rxe2 Kf8 33. h5 Kg7 34. Kf3 Rd1 35. hxg6 hxg6 36. Re7 c4 37. bxc4 Rxc4 38. Rb7 Rd5 39. Ree7 Rc3+ 40. Kg4 Rf5 41. Re5 Rxe5 42. fxe5 Rxc2 43. e6 Rf2 44. exf7 Rf5 45. Kh3 Rc5 46. Kg4 Kf8 47. Kf4 Rd5 48. Kg4 Rh5 49. Kf4 Rf5+ 50. Kg4 Kg7 51. Kh4 Rc5 52. Kg4 Rc4+ 53. Kg5 Rc5+ 54. Kg4 Rh5 55. Kf4 Rf5+ 56. Kg4 Rh5 1/2-1/2

[Event "Commonwealth Open 2019"]
[Site "Delhi"]
[Date "2019.07.04"]
[Round "6.16"]
[White "Tania, Sachdev"]
[Black "Bommini, Mounika Akshaya"]
[Result "1-0"]
[ECO "D17"]
[WhiteElo "2401"]
[BlackElo "2063"]
[Annotator "NA"]
[PlyCount "121"]
[EventDate "2019.06.30"]
[EventType "swiss"]
[EventCountry "IND"]
[SourceTitle "playchess.com"]
[Source "ChessBase"]
[SourceQuality "1"]
[TimeControl "5400+30"]

1. d4 d5 2. c4 c6 3. Nf3 Nf6 4. Nc3 dxc4 5. a4 Bf5 6. Ne5 Nbd7 7. Nxc4 Qc7 8. g3 e5 9. dxe5 Nxe5 10. Bf4 Nfd7 11. Bg2 f6 12. O-O g5 13. Bxe5 Nxe5 14. Ne3 Be6 15. a5 a6 16. Qc2 Bc5 17. Ne4 Be7 18. Nc5 Bxc5 19. Qxc5 O-O-O 20. Qc2 Rd4 21. Be4 Nc4 22. Bf5 Qe5 23. Qc3 Rhd8 24. Bxh7 Nd2 25. Rfd1 g4 26. Bd3 Ne4 27. Bxe4 Qxe4 28. Rxd4 Qxd4 29. Rd1 Qxc3 30. Rxd8+ Kxd8 31. bxc3 Kc7 32. f3 gxf3 33. exf3 b6 34. axb6+ Kxb6 35. Kf2 Kb5 36. Ke2 Ka4 37. h4 Kb3 38. h5 a5 39. h6 Bg8 40. Ng4 a4 41. Nxf6 Bc4+ 42. Ke3 a3 43. h7 a2 44. h8=Q a1=Q 45. Ne4 Qc1+ 46. Kd4 Qd1+ 47. Ke5 Kc2 48. Qh2+ Kc1 49. Qh6+ Kc2 50. Qxc6 Bb3 51. f4 Qh5+ 52. f5 Kb2 53. Qb6 Ka1 54. Kf4 Ba2 55. Qg1+ Bb1 56. Qa7+ Kb2 57. Qb6+ Ka1 58. Qa5+ Ba2 59. c4 Qh8 60. Qd5 Qb8+ 61. Qe5+ 1-0

[Event "Commonwealth Open 2019"]
[Site "Delhi"]
[Date "2019.07.04"]
[Round "6.17"]
[White "Rathnakaran, K.."]
[Black "Arya, Bhakta"]
[Result "1-0"]
[ECO "B50"]
[WhiteElo "2338"]
[BlackElo "2050"]
[Annotator "RC"]
[PlyCount "77"]
[EventDate "2019.06.30"]
[EventType "swiss"]
[EventCountry "IND"]
[SourceTitle "playchess.com"]
[Source "ChessBase"]
[SourceQuality "1"]
[TimeControl "5400+30"]

1. e4 c5 2. Nf3 d6 3. c3 Nf6 4. Be2 Bd7 5. d3 g6 6. Nbd2 Bg7 7. Nf1 Nc6 8. Ng3 O-O 9. h4 h5 10. Bg5 Qb6 11. Qd2 e5 12. Nh2 Be6 13. Bxf6 Bxf6 14. Bxh5 gxh5 15. Nxh5 Bh8 16. Qh6 Qc7 17. Nf3 f6 18. Ng5 Rfe8 19. Qg6+ Kf8 20. Nxf6 Qg7 21. Qxg7+ Bxg7 22. Nxe8 Rxe8 23. Nxe6+ Rxe6 24. g4 Rg6 25. g5 Nd8 26. Ke2 Ne6 27. Kf3 Kf7 28. Kg4 Bf8 29. b4 Be7 30. bxc5 Nxc5 31. Rh3 Ne6 32. Rb1 b6 33. d4 Rg8 34. Rf3+ Nf4 35. Rh1 Kg6 36. Rd1 a5 37. dxe5 dxe5 38. Rd7 Bc5 39. Rxf4 1-0

[Event "Commonwealth Open 2019"]
[Site "Delhi"]
[Date "2019.07.04"]
[Round "6.19"]
[White "Srihari L R"]
[Black "Sanjeet, Manohar"]
[Result "1/2-1/2"]
[ECO "A05"]
[WhiteElo "2200"]
[BlackElo "1905"]
[Annotator "NA"]
[PlyCount "132"]
[EventDate "2019.06.30"]
[EventType "swiss"]
[EventCountry "IND"]
[SourceTitle "playchess.com"]
[Source "ChessBase"]
[SourceQuality "1"]
[TimeControl "5400+30"]

1. Nf3 Nf6 2. c4 g6 3. b4 Bg7 4. Bb2 O-O 5. g3 d5 6. cxd5 Qxd5 7. Nc3 Qh5 8. h3 a5 9. b5 Ne4 10. a4 Nxc3 11. Bxc3 Bxc3 12. dxc3 c6 13. Qd4 Be6 14. Rb1 Qf5 15. Rb2 cxb5 16. Bg2 Nc6 17. Qh4 b4 18. Ng5 h5 19. O-O bxc3 20. Rb5 Qf6 21. Bxc6 bxc6 22. Rc5 Rab8 23. Rc1 Rb4 24. e4 Rb2 25. Qf4 Qxf4 26. gxf4 Rd8 27. Nxe6 fxe6 28. R1xc3 Rd1+ 29. Kg2 Rdd2 30. Rf3 Rdc2 31. Rxa5 c5 32. Ra6 Kf7 33. f5 exf5 34. exf5 gxf5 35. Rxf5+ Ke8 36. Rc6 c4 37. Rf4 c3 38. Rf3 Ra2 39. Rc4 Ra3 40. Kg3 Rca2 41. Rc8+ Kd7 42. Rcxc3 Rxc3 43. Rxc3 Rxa4 44. Rc5 h4+ 45. Kf3 Ke6 46. Rg5 Ra8 47. Kg4 Ra4+ 48. Kf3 Ra8 49. Kg4 Ra4+ 50. f4 Kf6 51. Rf5+ Kg6 52. Re5 Kf6 53. Rh5 Kg6 54. Rb5 e6 55. Re5 Kf6 56. Kf3 Ra3+ 57. Kg4 Ra4 58. Rg5 Rb4 59. Rh5 Kg6 60. Ra5 Rc4 61. Ra6 Kf6 62. Ra5 Kg6 63. Re5 Kf6 64. Re1 Ra4 65. Re5 Rb4 66. Rh5 Kg6 1/2-1/2

[Event "Commonwealth Open 2019"]
[Site "Delhi"]
[Date "2019.07.04"]
[Round "6.21"]
[White "Mahindrakar Indrajeet"]
[Black "Mahalakshmi, M."]
[Result "0-1"]
[ECO "B10"]
[WhiteElo "2092"]
[BlackElo "2245"]
[Annotator "NA"]
[PlyCount "118"]
[EventDate "2019.06.30"]
[EventType "swiss"]
[EventCountry "IND"]
[SourceTitle "playchess.com"]
[Source "ChessBase"]
[SourceQuality "1"]
[TimeControl "5400+30"]

1. e4 c6 2. c4 d5 3. exd5 cxd5 4. cxd5 Nf6 5. Qa4+ Nbd7 6. Nc3 g6 7. Nf3 Bg7 8. Bc4 a6 9. d3 O-O 10. Qa3 b6 11. O-O Bb7 12. Re1 Re8 13. Ng5 h6 14. Nge4 Rc8 15. Bb3 Ne5 16. Rd1 Nxd5 17. Nxd5 Bxd5 18. Bxd5 Qxd5 19. Qxa6 Red8 20. Nc3 Qd6 21. h3 Qb4 22. Be3 Qxb2 23. Nd5 Nc6 24. Rab1 Qe5 25. Nxb6 Rb8 26. Qa4 Qe6 27. d4 Qd6 28. d5 Ne5 29. Rb5 h5 30. Rd2 Nd7 31. Nxd7 Qxd7 32. Rxb8 Qxa4 33. Rxd8+ Kh7 34. Rc8 Qb4 35. Rc1 Be5 36. Rcd1 Qa3 37. Rc2 Qa4 38. Rdc1 Qe4 39. Rc4 Qxd5 40. a4 Bb2 41. Rc5 Qb3 42. R1c4 Ba3 43. Rc8 Bd6 44. g4 Qd1+ 45. Kg2 Qd5+ 46. f3 Qe5 47. Bf2 Qh2+ 48. Kf1 Qxh3+ 49. Ke2 Qg2 50. Ke3 g5 51. gxh5 Qh2 52. Rg4 f5 53. Rg1 Qe5+ 54. Kd2 Qd5+ 55. Kc1 Bf4+ 56. Kc2 Qd2+ 57. Kb1 Qxf2 58. Rd1 Qxf3 59. Rdd8 Qb3+ 0-1

[Event "Commonwealth Open 2019"]
[Site "Delhi"]
[Date "2019.07.04"]
[Round "6.22"]
[White "Oatlhotse, Providence"]
[Black "Sumit, Grover"]
[Result "1/2-1/2"]
[ECO "A11"]
[WhiteElo "2244"]
[BlackElo "1875"]
[Annotator "ChessBase"]
[PlyCount "85"]
[EventDate "2019.06.30"]
[EventType "swiss"]
[EventCountry "IND"]
[SourceTitle "playchess.com"]
[Source "ChessBase"]
[SourceQuality "1"]
[TimeControl "5400+30"]

1. c4 c6 2. Nf3 d5 3. g3 Bg4 4. Bg2 Nf6 5. Qb3 Qb6 6. d3 Nbd7 7. Be3 Qa6 8. cxd5 Nxd5 9. Bd2 e6 10. O-O Be7 11. Re1 O-O 12. e4 Nc5 13. Qc2 Qxd3 14. Qxd3 Nxd3 15. exd5 Nxe1 16. Bxe1 Bf6 17. Nc3 cxd5 18. h3 Bf5 19. g4 Bg6 20. g5 Be7 21. Bd2 Rac8 22. Be3 Bc5 23. Bxc5 Rxc5 24. Ne5 d4 25. Nxg6 hxg6 26. Ne4 Rc2 27. Rd1 Rxb2 28. Rxd4 Rxa2 29. Rd7 b6 30. h4 Rb8 31. h5 gxh5 32. g6 fxg6 33. Bh3 Ra1+ 34. Kg2 Re8 35. Nd6 Rf8 36. Bxe6+ Kh7 37. Nf7 Ra5 38. f4 Rc5 39. Ng5+ Kh6 40. Nf7+ Kh7 41. Ng5+ Kh6 42. Nf7+ Kh7 43. Ng5+ 1/2-1/2

[Event "Commonwealth Open 2019"]
[Site "Delhi"]
[Date "2019.07.05"]
[Round "7.1"]
[White "Gupta, Abhijeet"]
[Black "Lalith, Babu M R"]
[Result "1/2-1/2"]
[ECO "D38"]
[WhiteElo "2606"]
[BlackElo "2571"]
[Annotator "RC"]
[PlyCount "60"]
[EventDate "2019.06.30"]
[EventType "swiss"]
[EventCountry "IND"]
[SourceTitle "playchess.com"]
[Source "ChessBase"]
[SourceQuality "1"]
[TimeControl "5400+30"]

1. d4 d5 2. c4 e6 3. Nc3 Bb4 4. Nf3 Nf6 5. e3 O-O 6. Bd2 b6 7. cxd5 exd5 8. Rc1 Bb7 9. Bd3 Nbd7 10. O-O Be7 11. Be1 c5 12. Ne5 cxd4 13. Nxd7 Qxd7 14. Nb5 Rac8 15. Rxc8 Rxc8 16. Nxd4 Ne4 17. Bb5 Qd8 18. Qg4 Bf6 19. Bd3 Rc1 20. Bb4 Rxf1+ 21. Bxf1 Qc7 22. Qd1 Bxd4 23. Qxd4 Qc2 24. Be1 Qc1 25. Qe5 g5 26. Bc3 Nxc3 27. Qxg5+ Kf8 28. Qd8+ Kg7 29. Qg5+ Kf8 30. Qd8+ Kg7 1/2-1/2

[Event "Commonwealth Open 2019"]
[Site "Delhi"]
[Date "2019.07.05"]
[Round "7.2"]
[White "Narayanan.S.L"]
[Black "Erigaisi, Arjun"]
[Result "1-0"]
[ECO "D45"]
[WhiteElo "2603"]
[BlackElo "2526"]
[Annotator "RC"]
[PlyCount "75"]
[EventDate "2019.06.30"]
[EventType "swiss"]
[EventCountry "IND"]
[SourceTitle "playchess.com"]
[Source "ChessBase"]
[SourceQuality "1"]
[TimeControl "5400+30"]

1. d4 Nf6 2. c4 e6 3. Nf3 d5 4. Nc3 c6 5. e3 Nbd7 6. Qc2 Bd6 7. Bd3 dxc4 8. Bxc4 O-O 9. O-O b5 10. Bd3 Bb7 11. e4 e5 12. h3 Re8 13. dxe5 Nxe5 14. Nxe5 Bxe5 15. Be3 a6 16. a4 Bd4 17. Bxd4 Qxd4 18. Rad1 Qc5 19. Rfe1 g6 20. Qc1 Rad8 21. Qh6 Nd7 22. Bb1 Ne5 23. Qh4 Rxd1 24. Rxd1 Bc8 25. Rd8 Qf8 26. Rxe8 Qxe8 27. f4 b4 28. Na2 Nc4 29. Nxb4 Qd7 30. Kh2 Nd2 31. Bc2 Qd6 32. Nd3 Nxe4 33. Ne5 Nc5 34. b4 Ne6 35. Qf6 Qxb4 36. Qxf7+ Kh8 37. Qf6+ Kg8 38. Nxc6 1-0

[Event "Commonwealth Open 2019"]
[Site "Delhi"]
[Date "2019.07.05"]
[Round "7.3"]
[White "Kulkarni, Bhakti"]
[Black "Aravindh, Chithambaram Vr."]
[Result "0-1"]
[ECO "D37"]
[WhiteElo "2380"]
[BlackElo "2598"]
[Annotator "ChessBase"]
[PlyCount "90"]
[EventDate "2019.06.30"]
[EventType "swiss"]
[EventCountry "IND"]
[SourceTitle "playchess.com"]
[Source "ChessBase"]
[SourceQuality "1"]
[TimeControl "5400+30"]

1. d4 Nf6 2. c4 e6 3. Nf3 d5 4. Nc3 a6 5. cxd5 exd5 6. Bg5 Be6 7. e3 Nbd7 8. Bd3 h6 9. Bh4 g5 10. Bg3 Nh5 11. Be5 Ng7 12. h3 Nxe5 13. Nxe5 Bd6 14. Qf3 c6 15. O-O-O Qe7 16. Kb1 O-O-O 17. Rc1 Qc7 18. Qf6 Nh5 19. Qf3 Ng7 20. Qf6 Rhg8 21. Ng4 Be7 22. Qe5 f5 23. Qxc7+ Kxc7 24. Ne5 Bf6 25. Na4 Bxe5 26. dxe5 d4 27. exd4 Rxd4 28. Nc5 Bd5 29. Rhd1 Re8 30. f3 Rxe5 31. Re1 Rxe1 32. Rxe1 Kb6 33. Nd7+ Ka7 34. Nc5 Kb6 35. Nd7+ Kc7 36. Nc5 b6 37. Re7+ Kd6 38. Rxg7 Kxc5 39. Bxa6 Rd2 40. Bc8 f4 41. h4 Rxg2 42. hxg5 Rxg5 43. Rh7 h5 44. Kc2 Kd4 45. a4 Rg2+ 0-1

[Event "Commonwealth Open 2019"]
[Site "Delhi"]
[Date "2019.07.05"]
[Round "7.4"]
[White "Vaishali, R."]
[Black "Deepan, Chakkravarthy J."]
[Result "0-1"]
[ECO "B31"]
[WhiteElo "2338"]
[BlackElo "2557"]
[Annotator "ChessBase"]
[PlyCount "90"]
[EventDate "2019.06.30"]
[EventType "swiss"]
[EventCountry "IND"]
[SourceTitle "playchess.com"]
[Source "ChessBase"]
[SourceQuality "1"]
[TimeControl "5400+30"]

1. e4 c5 2. Nf3 Nc6 3. Bb5 g6 4. O-O Bg7 5. Re1 e5 6. b4 cxb4 7. a3 b3 8. cxb3 Nge7 9. Bb2 O-O 10. b4 d5 11. exd5 Qxd5 12. Nc3 Qd8 13. Bc4 Bg4 14. Ne4 Rc8 15. Neg5 Nd5 16. Qb3 Bxf3 17. Nxf3 Nb6 18. Bb5 Nd4 19. Nxd4 exd4 20. Be2 Qg5 21. Bf3 Nc4 22. Bxb7 Nxb2 23. Bxc8 Rxc8 24. f4 Qxf4 25. Rf1 Qxd2 26. Qxf7+ Kh8 27. Rae1 h6 28. Qxg6 Qg5 29. Qa6 Rd8 30. h4 Qxh4 31. Qc6 d3 32. Re8+ Rxe8 33. Qxe8+ Kh7 34. Rf7 Qd4+ 35. Kh2 d2 36. Rxg7+ Kxg7 37. Qe7+ Kg6 38. Qe8+ Kf5 39. Qh5+ Ke6 40. Qe8+ Kd5 41. Qg8+ Kc6 42. Qc8+ Kb5 43. Qb7+ Ka4 44. Qc6+ Kxa3 45. Qa6+ Na4 0-1